 Dungeon Crawl Stone Soup version 0.23.1 (webtiles) character file.

Game seed: 7864911408166726898

403 vishdafish the Shield-Bearer (level 6, -4/53 HPs)
             Began as a Gnoll Fighter on Mar 7, 2019.
             Was a Follower of Cheibriados.
             Slain by a wight
             ... wielding a +0 battleaxe
              (13 damage)
             ... on level 4 of the Dungeon.
             The game lasted 00:03:29 (2163 turns).

vishdafish the Shield-Bearer (Gnoll Fighter)        Turns: 2163, Time: 00:03:30

Health: -4/53      AC:  7    Str: 22    XL:     6   Next: 86%
Magic:  7/9        EV:  9    Int: 13    God:    Cheibriados [*.....]
Gold:   167        SH: 11    Dex: 16    Spells: 9/9 levels left

rFire    . . .     SeeInvis .   s - +3 falchion
rCold    . . .     Gourm    .   c - +0 shield
rNeg     . . .     Faith    .   b - +0 scale mail
rPois    .         Spirit   .   (no helmet)
rElec    .         Reflect  .   (no cloak)
rCorr    .         Harm     .   (no gloves)
MR       .....                  (no boots)
Stlth    +.........             (no amulet)
HPRegen  0.17/turn              (no ring)
MPRegen  0.11/turn              (no ring)

@: lightly drained, very slow
A: distributed training, fangs 1, strong nose
a: Bend Time, Renounce Religion


You were on level 4 of the Dungeon.
You worshipped Cheibriados.
Cheibriados was aware of your devotion.
You were not hungry.

You visited 1 branch of the dungeon, and saw 4 of its levels.

You collected 167 gold pieces.

Inventory:

Hand Weapons
 a - a +0 long sword
 s - a +3 falchion (weapon)
Armour
 b - a +0 scale mail (worn)
 c - a +0 shield (worn)
Jewellery
 o - an uncursed ring of fire
Scrolls
 e - a scroll of fog {unknown}
 g - a scroll of remove curse {unknown}
 i - a scroll of teleportation {unknown}
 j - 2 scrolls of magic mapping {unknown}
 l - 3 scrolls of amnesia {unknown}
 m - 4 scrolls of identify {unknown}
 n - a scroll of fear {unknown}
 p - 2 scrolls of enchant weapon {unknown}
 q - a scroll of enchant armour {unknown}
Potions
 d - 2 potions of might
 h - 2 potions of degeneration {unknown}
 k - 2 potions of curing {unknown}
Comestibles
 f - 8 rations
 r - 4 chunks of flesh


   Skills:
 + Level 6.9(6.4) Fighting
 + Level 2.1(1.6) Short Blades
 + Level 5.0(4.6) Long Blades
 + Level 2.1(1.6) Axes
 + Level 2.1(1.6) Maces & Flails
 + Level 2.1(1.6) Polearms
 + Level 2.1(1.6) Staves
 + Level 2.1(1.6) Slings
 + Level 2.1(1.6) Bows
 + Level 2.1(1.6) Crossbows
 + Level 2.1(1.6) Throwing
 + Level 6.9(6.4) Armour
 + Level 2.1(1.6) Dodging
 + Level 2.1(1.6) Stealth
 + Level 6.9(6.4) Shields
 + Level 2.1(1.6) Unarmed Combat
 + Level 2.1(1.6) Spellcasting
 + Level 1.6(1.2) Conjurations
 + Level 1.6(1.2) Hexes
 + Level 1.6(1.2) Charms
 + Level 1.6(1.2) Summonings
 + Level 1.6(1.2) Necromancy
 + Level 1.6(1.2) Translocations
 + Level 1.6(1.2) Transmutations
 + Level 1.6(1.2) Fire Magic
 + Level 1.6(1.2) Ice Magic
 + Level 1.6(1.2) Air Magic
 + Level 1.6(1.2) Earth Magic
 + Level 1.6(1.2) Poison Magic
 + Level 2.3(1.9) Invocations
 + Level 2.1(1.6) Evocations


You had 9 spell levels left.
You didn't know any spells.
Your spell library was empty.

Dungeon Overview and Level Annotations

Branches:
Dungeon (4/15)
 Temple: D:4-7

Altars:
Cheibriados
Kikubaaqudgha
Sif Muna


Innate Abilities, Weirdness & Mutations

Your experience applies equally to all skills.
You have very sharp teeth.
Your uncanny sense of smell can sniff out nearby items.


Message History

You aren't carrying any items that you can evoke.
Okay, then.
You completely miss the wight. The wight hits you with a +0 battleaxe.
* * * LOW HITPOINT WARNING * * *
You feel drained.
The orc throws a stone.
The stone hits you.
* * * LOW HITPOINT WARNING * * *
You closely miss the wight.
The orc throws a stone.
The stone hits you but does no damage. The wight completely misses you.
You riposte.
You hit the wight.
The wight is lightly damaged.
The orc throws a stone.
The stone closely misses you. You block the orc's attack.
You block the wight's attack.
The orc throws a stone.
You block the stone.
There is an escape hatch in the ceiling here.
You see here a stone.
The orc throws a stone.
The stone hits you but does no damage.
You see here a stone.
The orc throws a stone.
You block the stone. The wight hits you with a +0 battleaxe!
You die...

#..... #.... #....
######... #.......#
# #.......# .#
#.......# .#
#.....@.# ###..##
#....zz.## .......
#.....o..####.......
#....<...)..........
#.......#...)......#
#(......#.....##...#
####(####.....# ..o
#)# #...### o #รท#
#...#


You could see 2 wights and an orc.

Vanquished Creatures
  Blork the orc (D:4)
  A wight (D:4)
  3 orc priests
  Natasha (thrice) (D:3)
  4 adders
  A gnoll (D:1)
  2 oozes
  A dart slug (D:2)
  A leopard gecko (D:3)
  8 orcs
  7 bats
  A bat skeleton (D:2)
  A bat zombie (D:2)
  6 giant cockroaches
  5 goblins
  5 hobgoblins
  4 jackals (D:3)
  2 quokkas
  A ball python skeleton (D:2)
  2 frilled lizards
  7 kobolds
  2 leopard gecko skeletons
  4 rats
72 creatures vanquished.

Notes
Turn   | Place    | Note
-------+----------+-------------------------------------------
     0 | D:1      | vishdafish the Gnoll Fighter began the quest for the Orb.
     0 | D:1      | Reached XP level 1. HP: 23/23 MP: 1/1
   101 | D:1      | Reached XP level 2. HP: 25/29 MP: 2/2
   523 | D:1      | Reached XP level 3. HP: 21/35 MP: 3/3
   624 | D:2      | Reached skill level 1 in Invocations
   633 | D:2      | Reached skill level 1 in Short Blades
   633 | D:2      | Reached skill level 1 in Axes
   633 | D:2      | Reached skill level 1 in Maces & Flails
   633 | D:2      | Reached skill level 1 in Polearms
   633 | D:2      | Reached skill level 1 in Staves
   633 | D:2      | Reached skill level 1 in Slings
   633 | D:2      | Reached skill level 1 in Bows
   633 | D:2      | Reached skill level 1 in Crossbows
   633 | D:2      | Reached skill level 1 in Throwing
   633 | D:2      | Reached skill level 1 in Dodging
   633 | D:2      | Reached skill level 1 in Stealth
   633 | D:2      | Reached skill level 1 in Unarmed Combat
   633 | D:2      | Reached skill level 1 in Spellcasting
   633 | D:2      | Reached skill level 1 in Evocations
   657 | D:2      | Reached XP level 4. HP: 38/41 MP: 5/5
   818 | D:2      | Found a deep blue altar of Sif Muna.
  1012 | D:2      | Found a snail-covered altar of Cheibriados.
  1021 | D:2      | Became a worshipper of Cheibriados the Contemplative
  1084 | D:3      | Reached skill level 1 in Conjurations
  1084 | D:3      | Reached skill level 1 in Hexes
  1084 | D:3      | Reached skill level 1 in Charms
  1084 | D:3      | Reached skill level 1 in Summonings
  1084 | D:3      | Reached skill level 1 in Necromancy
  1084 | D:3      | Reached skill level 1 in Translocations
  1084 | D:3      | Reached skill level 1 in Transmutations
  1084 | D:3      | Reached skill level 1 in Fire Magic
  1084 | D:3      | Reached skill level 1 in Ice Magic
  1084 | D:3      | Reached skill level 1 in Air Magic
  1084 | D:3      | Reached skill level 1 in Earth Magic
  1084 | D:3      | Reached skill level 1 in Poison Magic
  1166 | D:3      | Noticed Natasha
  1170 | D:3      | Killed Natasha
  1170 | D:3      | Reached XP level 5. HP: 38/47 MP: 5/7
  1576 | D:2      | Reached * piety under Cheibriados
  1740 | D:3      | Found an ancient bone altar of Kikubaaqudgha.
  1802 | D:3      | Noticed Natasha
  1806 | D:3      | Killed Natasha
  1806 | D:3      | Reached XP level 6. HP: 46/53 MP: 8/8
  1822 | D:3      | Noticed Natasha
  1828 | D:3      | Killed Natasha
  2026 | D:4      | Noticed Blork the orc
  2039 | D:4      | Killed Blork the orc
  2039 | D:4      | Reached skill level 5 in Long Blades
  2163 | D:4      | Slain by a wight

Skill      XL: |  1  2  3  4  5  6 |
---------------+-------------------+-----
Invocations    | 1 2 |  2.3
Short Blades   | 1 2 |  2.1
Axes           | 1 2 |  2.1
Maces & Flails | 1 2 |  2.1
Polearms       | 1 2 |  2.1
Staves         | 1 2 |  2.1
Slings         | 1 2 |  2.1
Bows           | 1 2 |  2.1
Crossbows      | 1 2 |  2.1
Throwing       | 1 2 |  2.1
Dodging        | 1 2 |  2.1
Stealth        | 1 2 |  2.1
Unarmed Combat | 1 2 |  2.1
Spellcasting   | 1 2 |  2.1
Evocations     | 1 2 |  2.1
Conjurations   | 1 |  1.6
Hexes          | 1 |  1.6
Charms         | 1 |  1.6
Summonings     | 1 |  1.6
Necromancy     | 1 |  1.6
Translocations | 1 |  1.6
Transmutations | 1 |  1.6
Fire Magic     | 1 |  1.6
Ice Magic      | 1 |  1.6
Air Magic      | 1 |  1.6
Earth Magic    | 1 |  1.6
Poison Magic   | 1 |  1.6
Long Blades    | 5 |  5.0
Fighting       | |  6.9
Armour         | |  6.9
Shields        | |  6.9

Action                   |  1- 3 |  4- 6 || total
-------------------------+-------+-------++-------
Melee: Long sword        |    87 |   132 ||   219
       Bite              |    13 |    15 ||    28
       Falchion          |       |     5 ||     5
Invok: Bend Time         |       |     1 ||     1
  Eat: Chunk             |       |     4 ||     4
Armor: Scale mail        |    33 |    51 ||    84
Dodge: Dodged            |    31 |    60 ||    91
Block: Shield            |    69 |    94 ||   163
       Rpst.: Long sword |    12 |    18 ||    30
       Falchion          |       |     1 ||     1
